 Dungeon Crawl Stone Soup version 0.22.1-2-g9c5b331 (webtiles) character file.

422 Gearfox the Skirmisher (level 6, 0/60 HPs)
             Began as a Hill Orc Fighter on Dec 6, 2018.
             Was an Initiate of Okawaru.
             Slain by a slave (3 damage)
             ... led by Pikel
             ... on level 3 of the Dungeon.
             The game lasted 00:15:19 (4286 turns).

Gearfox the Skirmisher (Hill Orc Fighter)           Turns: 4286, Time: 00:15:20

Health: 0/60       AC:  9    Str: 21    XL:     6   Next: 95%
Magic:  6/6        EV:  7    Int:  8    God:    Okawaru [......]
Gold:   97         SH: 11    Dex: 10    Spells: 5/5 levels left

rFire    . . .     SeeInvis .   j - +1 falchion (holy)
rCold    . . .     Gourm    .   c - +2 shield
rNeg     . . .     Faith    .   b - +0 scale mail
rPois    .         Spirit   .   (no helmet)
rElec    .         Reflect  .   (no cloak)
rCorr    .         Harm     .   h - +1 pair of gloves
MR       .....                  (no boots)
Stlth    ..........             (no amulet)
HPRegen  0.20/turn              (no ring)
MPRegen  0.10/turn              (no ring)

@: no status effects
A: no striking features
a: Renounce Religion


You were on level 3 of the Dungeon.
You worshipped Okawaru.
Okawaru was noncommittal.
You were hungry.

You visited 2 branches of the dungeon, and saw 5 of its levels.

You collected 97 gold pieces.

Inventory:

Hand Weapons
 a - a +0 long sword
 j - a +1 falchion of holy wrath (weapon)
Armour
 b - a +0 scale mail (worn)
 c - a +2 shield (worn)
 h - a +1 pair of gloves (worn)
Scrolls
 i - a scroll of magic mapping
 k - 3 scrolls of remove curse
Potions
 d - a potion of haste
 e - a potion of flight
 l - 2 potions of invisibility
 m - a potion of heal wounds {unknown}
Comestibles
 f - 9 rations
 g - 3 chunks of flesh


   Skills:
 - Level 7.0 Fighting
 * Level 4.4 Long Blades
 - Level 3.2 Armour
 * Level 4.8 Shields


You had 5 spell levels left.
You didn't know any spells.
Your spell library contained the following spells:

 Spells                   Type           Power        Failure   Level  Hunger
 Animate Skeleton         Necr           N/A          99%         1    ##.....
 Apportation              Tloc           #.....       99%         1    ##.....
 Confusing Touch          Hex            #.....       99%         1    ##.....
 Summon Small Mammal      Summ           #...         99%         1    ##.....


Dungeon Overview and Level Annotations

Branches:
Dungeon (4/15)             Temple (1/1) D:4

Altars:
Cheibriados
Hepliaklqana
Okawaru
Ru
Sif Muna
Trog
Vehumet
Wu Jian
Yredelemnul


Message History

You block the slave's attack. The slave hits you.
* * * LOW HITPOINT WARNING * * *
The slave barely misses you.
You closely miss the slave.
The slave is almost dead.
The slave barely misses you. The slave hits you but does no damage.
You hit the slave.
The slave is almost dead.
The slave hits you!
* * * LOW HITPOINT WARNING * * *
The slave hits you!
* * * LOW HITPOINT WARNING * * *
You closely miss the slave.
The slave is almost dead.
You block the slave's attack.
The slave hits you but does no damage. x2
You miss the slave.
The slave is almost dead.
You are feeling hungry.
You block the slave's attack. The slave hits you.
You die...

#.......####.........
####.......'..)......
#.......##.........
#.##.##.###.......#
#. #.##.# ##.....##
#.##.##.# ##...##
#....##.# ##'##
#.p####.# #.####
#.@.....# #.#...
##p###### ##.#.#
#.##########....#
#........##.....##
########.###......
#.# ##.###.
#.####.###.
#..........
######)###.


You could see 2 slaves.

Vanquished Creatures
  A bullfrog (D:3)
  A scorpion (D:1)
  An orc priest (D:3)
  3 orc wizards
  Terence (D:3)
  7 adders
  A worm (D:2)
  2 dart slugs (D:1)
  A leopard gecko (D:2)
  17 orcs
  2 ball pythons
  2 giant cockroaches (D:2)
  6 goblins
  13 hobgoblins
  A jackal (D:2)
  10 kobolds
  6 bats
  7 frilled lizards
  5 rats
87 creatures vanquished.

Notes
Turn   | Place    | Note
-------+----------+-------------------------------------------
     0 | D:1      | Gearfox the Hill Orc Fighter began the quest for the Orb.
     0 | D:1      | Reached XP level 1. HP: 19/19 MP: 1/1
   170 | D:1      | Reached skill level 4 in Fighting
   230 | D:1      | Reached XP level 2. HP: 25/27 MP: 2/2
  1244 | D:2      | Noticed a scorpion
  1289 | D:1      | Killed a scorpion
  1289 | D:1      | Reached skill level 6 in Fighting
  1289 | D:1      | Reached XP level 3. HP: 16/37 MP: 3/3
  1289 | D:1      | Reached XP level 4. HP: 19/44 MP: 4/4
  2196 | D:2      | Found a sacrificial altar of Ru.
  2208 | D:2      | Reached XP level 5. HP: 48/51 MP: 5/5
  2215 | D:2      | Reached skill level 7 in Fighting
  2534 | D:3      | Reached XP level 6. HP: 52/60 MP: 6/6
  2591 | D:3      | Found a deep blue altar of Sif Muna.
  2735 | D:3      | Found a radiant altar of Vehumet.
  3624 | D:3      | Noticed Terence
  3633 | D:3      | Killed Terence
  3980 | D:4      | Found a staircase to the Ecumenical Temple.
  4016 | Temple   | Entered the Ecumenical Temple
  4035 | Temple   | Became a worshipper of Warmaster Okawaru
  4221 | D:4      | Noticed a slave
  4221 | D:4      | Noticed a slave
  4284 | D:3      | HP: 3/60 [slave[Pikel] (7)]
  4286 | D:3      | Slain by a slave

Skill      XL: |  1  2  3  4  5  6 |
---------------+-------------------+-----
Fighting       | 4 6 7 |  7.0
Long Blades    | 3 4 |  4.4
Shields        | 4 |  4.8
Armour         | |  3.2

Action                   |  1- 3 |  4- 6 || total
-------------------------+-------+-------++-------
Melee: Long sword        |    63 |   136 ||   199
       Falchion          |       |   172 ||   172
  Use: Scroll            |     2 |    10 ||    12
       Potion            |     1 |       ||     1
  Eat: Chunk             |     1 |    10 ||    11
Armor: Scale mail        |    44 |   133 ||   177
Dodge: Dodged            |    23 |   101 ||   124
Block: Shield            |    36 |   241 ||   277
       Rpst.: Long sword |     7 |    15 ||    22
       Falchion          |       |    15 ||    15
